 Dungeon Crawl Stone Soup version 0.26-a0-784-g51bffae0b1 (webtiles) character file.

Game seed: 9266995437119687820

1376 Kinoniko the Ruffian (level 8, -5/79 HPs)
             Began as a Troll Monk on Nov 10, 2020.
             Was a Believer of the Shining One.
             Slain by a two-headed ogre
             ... wielding a +0 giant club
              (6 damage)
             ... on level 5 of the Dungeon.
             The game lasted 00:05:11 (3721 turns).

Kinoniko the Ruffian (Troll Monk)                   Turns: 3721, Time: 00:05:11

Health: -5/79      AC: 10    Str: 20    XL:     8   Next: 39%
Magic:  7/7        EV: 10    Int:  6    God:    the Shining One [**....]
Gold:   245        SH:  0    Dex: 14    Spells: 7/7 levels left

rFire    . . .     SeeInvis .     - Unarmed
rCold    . . .     Faith    .   (no shield)
rNeg     + . .     Spirit   .   b - +0 robe
rPois    .         Reflect  .   (helmet restricted)
rElec    .         Harm     .   (no cloak)
rCorr    .         Rampage  .   (gloves unavailable)
MR       .....                  (boots unavailable)
Stlth    +.........             (no amulet)
HPRegen  0.63/turn              r - +4 ring of protection
MPRegen  0.10/turn              (no ring)

@: glowing
A: large, unfitting armour, claws 3, regeneration 1, shaggy fur 1, tough skin 3
a: Divine Shield, Renounce Religion


You were on level 5 of the Dungeon.
You worshipped the Shining One.
The Shining One was pleased with you.
You visited 1 branch of the dungeon, and saw 5 of its levels.

You collected 245 gold pieces.

Inventory:

Hand Weapons
 v - a +1 falchion
Armour
 b - a +0 robe (worn)
Jewellery
 a - an uncursed ring of ice
 r - a +4 ring of protection (left claw)
Wands
 d - a wand of enslavement (5)
 u - a wand of polymorph (4)
Scrolls
 c - a scroll of fear {unknown}
 g - 8 scrolls of remove curse
 h - a scroll of magic mapping {unknown}
 i - a scroll of random uselessness {unknown}
 k - 2 scrolls of noise
 m - a scroll of identify {unknown}
 p - a scroll of fog
 s - a scroll of immolation {unknown}
Potions
 e - 2 potions of brilliance {unknown}
 f - 2 potions of lignification {unknown}
 j - a potion of magic {unknown}
 l - 6 potions of heal wounds {unknown}
 n - 4 potions of attraction {unknown}
 o - 2 potions of might {unknown}


   Skills:
 + Level 4.5 Fighting
 * Level 5.9 Long Blades
 - Level 2.4 Dodging
 - Level 1.0 Stealth
 * Level 6.4 Unarmed Combat


You had 7 spell levels left.
You didn't know any spells.
Your spell library contained the following spells:

 Spells                   Type           Power        Failure   Level
 Confusing Touch          Hex            #.......     83%         3
 Gell's Gravitas          Tloc           #.........   83%         3
 Petrify                  Tmut/Erth      #.......     99%         4
 Metabolic Englaciation   Hex/Ice        #.........   100%        5
 Yara's Violent Unravell  Hex/Tmut       #.........   100%        5


Dungeon Overview and Level Annotations

Branches:
Dungeon (5/15)
 Temple: D:4-7

Altars:
Dithmenos
Makhleb
Qazlal
Ru
Yredelemnul
Zin
The Shining One


Innate Abilities, Weirdness & Mutations

You are too large for most types of armour.
You have claws for hands.
Your natural rate of healing is unusually fast.
You are covered in fur. (AC +1)
You have extremely tough skin. (AC +3)


Message History

You are too injured to fight recklessly!
You are too injured to fight recklessly!
You are too injured to fight recklessly!
You are too injured to fight recklessly!
You are too injured to fight recklessly!
You are too injured to fight recklessly!
You are too injured to fight recklessly!
Unknown command.
You feel better.
You claw the two-headed ogre!
The two-headed ogre is almost dead.
The two-headed ogre hits you with a +0 giant club!!
* * * LOW HITPOINT WARNING * * *
The two-headed ogre closely misses you.
You scratch the two-headed ogre but do no damage.
The two-headed ogre is almost dead.
The two-headed ogre hits you with a +0 giant club.
* * * LOW HITPOINT WARNING * * *
The two-headed ogre hits you with a +0 dire flail.
You die...

#.#....'.......#
#.######(......# #.#
#.......# #.#
#.......#####. #.#
#.............
#.............
####..........
###########..........
#...O@......>........
#'###########........
#.O...).....
#........
..O............
#........
.....!.........
#........
........#######
#######.. .........
......... .........


You could see a two-headed ogre.

Vanquished Creatures
  Edmund (D:4)
  Duvessa (D:4)
  A sky beast (D:4)
  6 ogres
  Dowan (D:4)
  A howler monkey (D:4)
  A quasit (D:4)
  2 bullfrog skeletons
  A jelly (D:3)
  An orc wizard (D:3)
  3 worker ants
  Natasha (thrice) (D:2)
  A worker ant zombie (D:5)
  Robin (D:2)
  3 adders
  An ufetubus (D:5)
  3 oozes
  An adder zombie (D:5)
  3 worms (D:2)
  A dart slug (D:3)
  5 leopard geckos
  11 orcs
  4 bats
  7 giant cockroaches
  11 goblins
  9 hobgoblins
  7 jackals
  A quokka (D:2)
  6 frilled lizards
  8 kobolds
  A quokka skeleton (D:4)
  6 rats
112 creatures vanquished.

Vanquished Creatures (others)
  A goblin (D:2)
1 creature vanquished.

Grand Total: 113 creatures vanquished

Notes
Turn   | Place    | Note
-------+----------+-------------------------------------------
     0 | D:1      | Kinoniko the Troll Monk began the quest for the Orb.
     0 | D:1      | Reached XP level 1. HP: 22/22 MP: 0/0
   258 | D:1      | Reached XP level 2. HP: 29/29 MP: 1/1
   267 | D:1      | Reached skill level 1 in Unarmed Combat
   749 | D:2      | Noticed Natasha
   751 | D:2      | Noticed a crimson imp
   753 | D:2      | Noticed a crimson imp
   754 | D:2      | Noticed a crimson imp
   759 | D:1      | Reached XP level 3. HP: 29/36 MP: 2/2
   783 | D:2      | Killed Natasha
   783 | D:2      | Reached skill level 2 in Unarmed Combat
   808 | D:2      | Noticed Natasha
   829 | D:2      | HP: 1/36 [Natasha/magic dart (6)]
   831 | D:2      | Killed Natasha
   831 | D:2      | Reached XP level 4. HP: 16/44 MP: 3/3
   958 | D:2      | Noticed Robin
   984 | D:2      | Killed Robin
  1045 | D:2      | Noticed Natasha
  1055 | D:2      | Killed Natasha
  1055 | D:2      | Reached XP level 5. HP: 31/53 MP: 4/4
  1103 | D:2      | Reached skill level 3 in Unarmed Combat
  1105 | D:2      | Found a glowing golden altar of the Shining One.
  1107 | D:2      | Found a basalt altar of Yredelemnul.
  1107 | D:2      | Found a glowing silver altar of Zin.
  1107 | D:2      | Found a shadowy altar of Dithmenos.
  1107 | D:2      | Found a stormy altar of Qazlal.
  1108 | D:2      | Found a burning altar of Makhleb.
  1111 | D:2      | Became a worshipper of the Shining One
  1111 | D:2      | Reached * piety under the Shining One
  1111 | D:2      | Reached ** piety under the Shining One
  1284 | D:2      | Found a faded altar of an unknown god.
  2154 | D:3      | Found a sacrificial altar of Ru.
  2387 | D:4      | Noticed an ogre
  2391 | D:4      | Killed an ogre
  2391 | D:4      | Reached XP level 6. HP: 61/61 MP: 5/5
  2418 | D:4      | Noticed Edmund
  2435 | D:4      | Killed Edmund
  2435 | D:4      | Reached skill level 4 in Unarmed Combat
  2532 | D:4      | Noticed a sky beast
  2540 | D:4      | Killed a sky beast
  2540 | D:4      | Reached XP level 7. HP: 61/68 MP: 6/6
  2586 | D:4      | Noticed Duvessa
  2594 | D:4      | Killed Duvessa
  2594 | D:4      | Reached skill level 5 in Long Blades
  2594 | D:4      | Reached skill level 5 in Unarmed Combat
  2609 | D:4      | Noticed Dowan
  2620 | D:4      | Killed Dowan
  2924 | D:4      | The Shining One protects you from harm!
  2926 | D:4      | Reached XP level 8. HP: 19/78 MP: 7/7
  3407 | D:5      | Entered Level 5 of the Dungeon
  3578 | D:5      | Reached skill level 6 in Unarmed Combat
  3704 | D:5      | Noticed a two-headed ogre
  3720 | D:5      | HP: 3/79 [two-headed ogre/+0 giant club (23)]
  3721 | D:5      | HP: 1/79 [two-headed ogre/+0 giant club (2)]
  3721 | D:5      | Slain by a two-headed ogre

Illustrated notes

Levels and vault maps discovered:
D:1:      dpeg_arrival_three_same_balls, layout_basic
D:2:      wander_river, layout_basic, minitemple, serial_curves, eino_curves_01,
          eino_curves_03, chequers_ecumenical_altar_simple_redux, uniq_robin,
          uniq_natasha
D:3:      layout_loops_cross, nicolae_ru_the_path_less_chosen
D:4:      kennysheep_spiral_hall, layout_basic, uniq_duvessa, uniq_edmund
D:5:      layout_basic

Skill      XL: |  1  2  3  4  5  6  7  8 |
---------------+-------------------------+-----
Unarmed Combat | 1 2 3 4 5 6 |  6.4
Long Blades    | 3 4 5 |  5.9
Fighting       | 3 4 |  4.5
Dodging        | |  2.4
Stealth        | |  1.0

Action                   |  1- 3 |  4- 6 |  7- 9 || total
-------------------------+-------+-------+-------++-------
Melee: Falchion          |    81 |    14 |    14 ||   109
       Unarmed           |       |   157 |    87 ||   244
       Punch             |       |     2 |     5 ||     7
  Use: Potion            |     1 |       |     2 ||     3
       Scroll            |       |       |     6 ||     6
 Stab: Sleeping          |     2 |       |       ||     2
Armor: Robe              |    41 |    49 |    49 ||   139
Dodge: Dodged            |    47 |    72 |    65 ||   184
       Rpst.: Falchion   |    14 |     2 |     2 ||    18

Table legend: (Time is in decaauts)
 A = Elapsed time spent in this place.
 B = Non-inter-level travel time spent in this place.
 C = Inter-level travel time spent in this place.
 D = Time resting spent in this place.
 E = Time spent auto-exploring this place.
 F = Levels seen in this place.
 G = Mean time per level.
                   A        B        C        D        E       F      G
               +--------+--------+--------+--------+--------+-----+--------+
         Total |   3735 |   3627 |    108 |    560 |   2370 |   5 |  747.0 |
       Dungeon |   3735 |   3627 |    108 |    560 |   2370 |   5 |  747.0 |
               +--------+--------+--------+--------+--------+-----+--------+

Top non-repeatable levels by time:
     D:4: 1019 daAuts
     D:2: 919 daAuts
     D:1: 777 daAuts
     D:3: 710 daAuts
     D:5: 309 daAuts
